Map: Ulrena

Players

LiquidTLO (TLO)

  • Race: Zerg Zerg
  • League: Grandmaster

PtitDrogo - Winner!

  • Race: Protoss Protoss
  • League: Master

Event: DreamHack ZOWIE Open Leipzig

VOD

Have the link to the VOD?

Description

Time

  • Played on: Jan. 23, 2016, 9:53 a.m.
  • Length: 11:18

All games in this series

Show
View Real Time Build Order
Export as new Build Order

LiquidTLO Zerg 

Build Orders: Hatch First, Lurkers 

Get SALT Encoding   

  12  0:00  Drone  
  13  0:12  Overlord  
  13  0:17  Drone  
  14  0:31  Drone x2  
  14  0:35  Drone  
  17  0:52  Hatchery  
  17  0:55  Drone  
  17  0:59  Drone  
  18  1:12  Spawning Pool  
  18  1:15  Drone  
  18  1:19  Drone  
  19  1:26  Extractor  
  18  1:41  Hatchery  
  18  1:43  Drone  
  19  1:49  Drone  
  20  1:58  Queen  
  22  2:04  Drone x2  
  22  2:06  Drone  
  25  2:12  Overlord  
  25  2:14  Drone  
  26  2:21  Drone  
  27  2:29  Drone, Queen  
  28  2:35  Drone  
  28  2:37  Queen  
  31  2:40  Overlord  
  31  2:43  Drone  
  34  2:47  Drone  
  35  2:54  Drone  
  36  2:58  Extractor  
  36  3:00  Drone, Extractor  
  36  3:05  Hatchery, Drone  
  35  3:07  Drone  
  36  3:14  Roach Warren  
  36  3:17  Zergling x2  
  36  3:18  Zergling x2  
  37  3:20  Drone  
  37  3:23  Drone  
  37  3:24  Drone  
  40  3:30  Overlord  
  40  3:31  Drone x2  
  40  3:34  Drone  
  43  3:37  Spore Crawler  
  43  3:39  Drone  
  43  3:43  Drone  
  43  3:44  Drone  
  43  3:45  Drone  
  46  3:49  Drone x2  
  46  3:53  Spore Crawler, Drone  
  48  3:56  Drone  
  48  3:59  Metabolic Boost  
  48  4:01  Drone  
  50  4:05  Drone x2  
  50  4:07  Drone, Extractor  
  50  4:09  Drone  
  53  4:10  Drone  
  53  4:12  Drone  
  53  4:15  Overlord  
  55  4:19  Overlord  
  55  4:20  Overlord, Extractor  
  55  4:23  Spore Crawler, Overlord  
  53  4:25  Lair  
  53  4:28  Overlord  
  53  4:33  Overlord  
  53  4:36  Roach x2  
  53  4:38  Drone  
  58  4:40  Drone x2  
  58  4:42  Drone  
  58  4:45  Drone  
  62  4:46  Drone  
  62  4:48  Drone  
  62  4:49  Drone  
  62  4:50  Drone  
  62  4:51  Drone  
  67  4:53  Drone  
  67  4:55  Spore Crawler  
  67  4:56  Drone  
  67  4:59  Drone  
  69  5:03  Roach  
  71  5:07  Overlord  
  71  5:09  Overlord  
  71  5:10  Drone  
  71  5:12  Roach x2  
  76  5:17  Drone x3, Extractor  
  76  5:18  Extractor  
  77  5:24  Roach  
  77  5:27  Drone x2, Hydralisk Den  
  80  5:30  Drone  
  80  5:32  Queen  
  83  5:38  Drone x4  
  83  5:40  Spore Crawler  
  86  5:48  Overlord  
  86  5:52  Overlord x3  
  86  5:56  Muscular Augments  
  86  5:58  Hydralisk x2  
  90  6:10  Overlord, Hydralisk  
  90  6:13  Hydralisk x2  
  90  6:14  Hydralisk x3  
  90  6:15  Hydralisk  
  90  6:18  Overlord  
  102  6:21  Hydralisk  
  102  6:22  Hydralisk  
  106  6:27  Ravager x6  
  106  6:28  Hydralisk  
  106  6:31  Overlord  
  114  6:36  Roach  
  114  6:38  Overlord, Roach x2  
  114  6:39  Roach  
  120  6:42  Roach  
  120  6:43  Glial Reconstitution  
  122  6:50  Roach  
  122  6:51  Roach x3  
  130  6:54  Overlord  
  130  6:56  Overlord  
  130  6:58  Roach  
  130  7:00  Roach  
  134  7:02  Roach  
  134  7:06  Roach  
  134  7:08  Lurker Den  
  138  7:13  Roach x2  
  138  7:15  Roach  
  144  7:16  Roach  
  144  7:21  Roach  
  144  7:22  Roach x3  
  154  7:23  Overlord  
  154  7:27  Overlord x2  
  154  7:33  Roach  
  154  7:34  Roach  
  140  7:41  Hydralisk x3, Roach  
  140  7:42  Hydralisk  
  124  7:46  Roach x2  
  124  7:48  Roach  
  124  7:50  Roach  
  114  7:53  Hydralisk x2  
  110  8:00  Roach x2  
  110  8:01  Roach  
  114  8:13  Burrow  
  114  8:14  Roach x2  
  114  8:15  Roach  
  114  8:17  Roach  
  122  8:21  Roach x2  
  122  8:22  Hatchery  
  122  8:23  Roach  
  122  8:26  Roach x2  
  127  8:43  Roach  
  127  8:44  Roach x8  
  127  8:46  Roach  
  127  8:47  Roach  
  143  8:54  Hydralisk  
  141  8:56  Queen x2  
  141  9:01  Hydralisk x2  
  149  9:05  Overlord x2  
  147  9:10  Hydralisk x2  
  147  9:12  Overlord  
  147  9:15  Overlord  
  151  9:21  Lurker x2  
  151  9:22  Lurker  
  151  9:23  Lurker x2  
  157  9:24  Lurker  
  153  9:35  Hydralisk x2  
  153  9:36  Hydralisk  
  158  9:40  Hydralisk  
  158  9:43  Roach x2  
  164  9:47  Hydralisk  
  164  9:48  Queen  
  164  9:49  Queen  
  164  9:51  Hydralisk  
  172  9:54  Hydralisk  
  166  10:00  Evolution Chamber  
  166  10:03  Hydralisk x2  
  166  10:04  Roach x13  
  166  10:06  Hydralisk  
  161  10:08  Roach  
  161  10:09  Roach  
  163  10:17  Roach  
  163  10:19  Roach  
  151  10:22  Roach  
  151  10:24  Roach  
  119  10:38  Roach  
  119  10:40  Hatchery  
  120  10:47  Hydralisk  
  120  10:48  Overseer  
  122  10:53  Overseer  
Show
View Real Time Build Order
Export as new Build Order

PtitDrogo Protoss - Winner!

Build Orders: Nexus First, Zealot Archon 

Get SALT Encoding   

  12  0:00  Probe (Chrono Boost)  
  13  0:11  Probe (Chrono Boost)  
  14  0:17  Pylon  
  14  0:22  Probe (Chrono Boost)  
  15  0:36  Probe (Chrono Boost)  
  16  0:46  Probe (Chrono Boost)  
  17  0:59  Nexus  
  17  1:08  Gateway  
  18  1:11  Probe (Chrono Boost)  
  18  1:16  Assimilator  
  18  1:22  Probe (Chrono Boost)  
  18  1:25  Assimilator  
  19  1:32  Probe (Chrono Boost)  
  20  1:38  Gateway  
  20  1:44  Probe (Chrono Boost)  
  21  1:54  Probe (Chrono Boost)  
  21  1:57  Cybernetics Core  
  22  2:05  Probe (Chrono Boost)  
  23  2:12  Probe (Chrono Boost)  
  25  2:15  Probe (Chrono Boost)  
  26  2:23  Probe (Chrono Boost)  
  26  2:26  Probe (Chrono Boost)  
  27  2:33  Probe (Chrono Boost), Adept (Chrono Boost)  
  27  2:34  Adept (Chrono Boost)  
  27  2:35  Warp Gate  
  27  2:36  Probe  
  33  2:41  Pylon  
  33  2:46  Mothership Core (Chrono Boost)  
  33  2:49  Probe (Chrono Boost)  
  36  3:00  Probe (Chrono Boost)  
  41  3:06  Probe (Chrono Boost)  
  41  3:11  Probe (Chrono Boost)  
  43  3:16  Probe (Chrono Boost)  
  43  3:17  Pylon  
  40  3:21  Probe (Chrono Boost)  
  41  3:27  Probe (Chrono Boost)  
  41  3:29  Nexus  
  41  3:32  Probe (Chrono Boost), Pylon  
  43  3:35  Sentry  
  43  3:37  Sentry  
  43  3:38  Probe (Chrono Boost)  
  48  3:44  Assimilator  
  48  3:45  Probe (Chrono Boost)  
  48  3:46  Assimilator  
  48  3:48  Probe (Chrono Boost)  
  50  3:52  Stargate  
  50  3:56  Probe (Chrono Boost)  
  50  3:59  Probe (Chrono Boost)  
  50  4:02  Stargate  
  52  4:06  Pylon  
  52  4:08  Pylon  
  52  4:09  Probe (Chrono Boost)  
  53  4:16  Probe (Chrono Boost)  
  54  4:20  Probe (Chrono Boost)  
  55  4:27  Probe (Chrono Boost)  
  55  4:30  Probe (Chrono Boost)  
  57  4:33  Twilight Council  
  57  4:34  Gateway  
  57  4:36  Gateway  
  57  4:37  Probe (Chrono Boost)  
  58  4:40  Probe (Chrono Boost)  
  58  4:41  Probe (Chrono Boost)  
  58  4:43  Pylon  
  60  4:45  Phoenix (Chrono Boost)  
  60  4:48  Probe (Chrono Boost)  
  60  4:50  Phoenix (Chrono Boost)  
  60  4:51  Probe  
  65  4:54  Probe  
  67  5:00  Zealot x2  
  67  5:05  Probe  
  67  5:06  Phoenix (Chrono Boost)  
  72  5:07  Probe  
  72  5:08  Probe  
  76  5:15  Charge (Chrono Boost)  
  76  5:18  Probe  
  76  5:19  Probe  
  78  5:23  Pylon  
  78  5:26  Zealot x2  
  78  5:28  Phoenix  
  82  5:30  Pylon  
  82  5:33  Phoenix  
  84  5:38  Probe x2  
  84  5:41  Templar Archives  
  88  5:46  Probe  
  88  5:48  Forge  
  88  5:49  Phoenix  
  89  5:56  Gateway  
  91  5:57  Gateway  
  91  6:02  Probe  
  90  6:05  Phoenix  
  90  6:11  Probe x2  
  94  6:13  Assimilator  
  94  6:14  Assimilator  
  94  6:15  Probe  
  94  6:16  Zealot x2  
  99  6:23  Probe, Pylon  
  99  6:25  Pylon  
  100  6:26  High Templar  
  100  6:27  High Templar  
  100  6:32  Probe  
  105  6:39  Archon  
  105  6:40  Zealot x2  
  109  6:47  Gateway  
  109  6:48  Robotics Facility  
  109  6:49  Gateway  
  109  6:51  Protoss Ground Weapons Level 1  
  107  6:54  Zealot x2  
  107  7:00  Pylon x2, High Templar  
  107  7:01  Zealot x2, Pylon, High Templar  
  115  7:06  Archon  
  119  7:11  Pylon  
  119  7:12  Pylon  
  119  7:14  Pylon  
  117  7:16  Zealot x2  
  117  7:22  Zealot x2  
  125  7:25  Pylon  
  125  7:34  Zealot x2  
  113  7:43  Zealot x4  
  107  7:44  Immortal (Chrono Boost)  
  107  7:51  Probe  
  104  8:01  High Templar  
  104  8:02  High Templar  
  104  8:03  Zealot x6  
  120  8:05  Archon  
  120  8:16  Pylon  
  120  8:18  Pylon  
  121  8:20  Observer (Chrono Boost)  
  121  8:21  Nexus  
  121  8:24  Pylon  
  121  8:26  Zealot x5  
  121  8:27  Zealot  
  132  8:46  High Templar x2  
  132  8:47  High Templar x6  
  148  8:51  Archon x3  
  148  8:52  Archon  
  148  8:55  Probe, Photon Cannon  
  145  9:03  Immortal (Chrono Boost), Probe  
  146  9:16  Probe, Gateway  
  147  9:17  Gateway  
  147  9:19  High Templar x2  
  147  9:20  Zealot x6  
  163  9:24  Archon  
  163  9:37  Immortal (Chrono Boost)  
  165  9:41  Zealot x5  
  171  10:11  Zealot x6  
  137  10:30  High Templar x2  
  137  10:32  High Templar x5  
  137  10:33  High Templar  
  141  10:39  Archon x3  
  141  10:40  Archon  
  141  10:47  Pylon  
  141  10:49  Pylon  
  141  10:51  Zealot x2, Nexus, Pylon  
  141  11:15  Zealot x10  

Tags
 
Add a new tag
Caveats
  • Supply blocks, unpowered buildings, or Contaminate may cause inaccurate times.
  • Supply counts are checked every 10 seconds.